 Dungeon Crawl Stone Soup version 0.19.4-9-g45fd643 (webtiles) character file.

129 beigtais the Conjurer (level 4, -9/24 HPs)
             Began as a Deep Elf Conjurer on Feb 15, 2017.
             Killed by nerve-wracking pain
             ... invoked by an orc priest
              (12 damage)
             ... on level 3 of the Dungeon.
             The game lasted 00:19:34 (2821 turns).

beigtais the Conjurer (Deep Elf Conjurer)           Turns: 2821, Time: 00:19:34

Health: -9/24      AC:  2    Str:  5    XL:     4   Next: 88%
Magic:  4/12       EV: 13    Int: 21    God:
Gold:   116        SH:  0    Dex: 15    Spells: 4 memorised, 1 level left

rFire  . . .     SeeInvis .     o - +1 dagger (venom)
rCold  . . .     Gourm    .     a - +0 robe
rNeg   . . .     Faith    .     (no shield)
rPois  .         Spirit   .     (no helmet)
rElec  .         Reflect  .     (no cloak)
rCorr  .         Harm     .     (no gloves)
MR     .....                    (no boots)
Stlth  +++.......               (no amulet)
                                (no ring)
                                q - ring of stealth (curse)

@: no status effects
A: no striking features
a: no special abilities


You were on level 3 of the Dungeon.
You were not hungry.

You visited 1 branch of the dungeon, and saw 3 of its levels.

You collected 116 gold pieces.

Inventory:

Hand Weapons
 o - a +1 dagger of venom (weapon)
Missiles
 e - 137 stones (quivered)
 k - 5 needles of sleeping
Armour
 a - a +0 robe (worn)
Jewellery
 q - a cursed ring of stealth (left hand)
Scrolls
 d - a scroll of amnesia
Potions
 h - a potion of magic
 m - 2 potions of ambrosia
 p - a potion of haste
Books
 b - a book of Conjurations

   Spells                             Type                      Level
   a - Magic Dart                     Conjuration                  1
   b - Searing Ray                    Conjuration                  2
   c - Dazzling Spray                 Conjuration/Hexes            3
   d - Fulminant Prism                Conjuration/Hexes            4
   e - Iskenderun's Mystic Blast      Conjuration                  4
   f - Iskenderun's Battlesphere      Conjuration/Charms           5
Comestibles
 c - a bread ration
 g - 2 chunks of flesh
 j - a beef jerky
 l - 2 meat rations
 n - a royal jelly


   Skills:
 * Level 0.5 Fighting
 + Level 0.6 Short Blades
 * Level 1.1 Throwing
 * Level 2.9 Dodging
 * Level 2.8 Stealth
 * Level 4.0 Spellcasting
 * Level 5.6 Conjurations


You had one spell level left.
You knew the following spells:

 Your Spells              Type           Power        Failure   Level  Hunger
a - Magic Dart            Conj           ####         1%          1    None
b - Searing Ray           Conj           ####..       1%          2    #......
c - Dazzling Spray        Conj/Hex       ###...       14%         3    ###....
d - Fulminant Prism       Conj/Hex       ###.......   41%         4    ####...


Dungeon Overview and Level Annotations

Branches:
Dungeon (3/15)

Altars:


Message History

Press: ? - help, Shift-Dir - straight line, f - orc priest
Aim: an orc priest, wielding a mace and wearing a ring mail (severely wounded, hasn't noticed you)
The magic dart hits the orc priest.
The orc priest is almost dead.
The orc priest shouts!
The orc priest mumbles some strange prayers to Beogh against you.
Pain shoots through your body!
Ouch! That really hurt!
* * * LOW HITPOINT WARNING * * *
Casting: Magic Dart
Confirm with . or Enter, or press ? or * to list all spells.
Aiming: Magic Dart
Press: ? - help, Shift-Dir - straight line, f/p - orc priest
Aim: an orc priest, wielding a mace and wearing a ring mail (almost dead)
The magic dart hits the orc priest.
The orc priest is almost dead.
The orc priest mumbles some strange prayers to Beogh against you.
Pain shoots through your body!
Ouch! That really hurt!
You die...

#..#.......#
..##..#.#######
........#...##
.....##.#..o.#
#### #.#....#
#.##.#.+
#......#
####.### #..@.#
#.#### #†# #.#
#.# #.# #.# #.#
#..


You could see an orc priest.

Vanquished Creatures
  Natasha (D:2)
  A gnoll (D:1)
  2 adders (D:2)
  A worm (D:2)
  3 dart slugs (D:1)
  3 leopard geckos
  4 orcs (D:3)
  3 giant cockroaches (D:2)
  6 goblins
  4 hobgoblins
  8 jackals (D:2)
  4 kobolds
  A quokka (D:3)
  7 bats
  3 frilled lizards
  5 rats
56 creatures vanquished.

Vanquished Creatures (others)
  A fulminant prism (D:3)
1 creature vanquished.

Grand Total: 57 creatures vanquished

Notes
Turn   | Place    | Note
-------+----------+-------------------------------------------
     0 | D:1      | beigtais the Deep Elf Conjurer began the quest for the Orb.
     0 | D:1      | Reached XP level 1. HP: 10/10 MP: 6/6
   383 | D:1      | Reached XP level 2. HP: 9/15 MP: 5/8
   583 | D:1      | Learned a level 2 spell: Searing Ray
   808 | D:1      | Reached skill level 5 in Conjurations
   879 | D:1      | Reached XP level 3. HP: 19/19 MP: 6/9
  1295 | D:2      | Reached skill level 1 in Throwing
  1353 | D:2      | Learned a level 3 spell: Dazzling Spray
  1989 | D:2      | Reached XP level 4. HP: 24/24 MP: 11/11
  2588 | D:2      | Noticed Natasha
  2591 | D:2      | Killed Natasha
  2745 | D:3      | Learned a level 4 spell: Fulminant Prism
  2821 | D:3      | Killed from afar by an orc priest

Skill      XL: |  1  2  3  4 |
---------------+-------------+-----
Conjurations   | 5 |  5.6
Throwing       | 1 |  1.1
Spellcasting   | 4 |  4.0
Fighting       | |  0.5
Short Blades   | |  0.6
Dodging        | |  2.9
Stealth        | |  2.8

Action                   |  1- 3 |  4- 6 || total
-------------------------+-------+-------++-------
Melee: Dagger            |    17 |    22 ||    39
       Short sword       |     3 |       ||     3
Throw: Stone             |     6 |    15 ||    21
 Cast: Magic Dart        |    56 |    13 ||    69
       Dazzling Spray    |     2 |       ||     2
       Searing Ray       |     1 |     8 ||     9
       Fulminant Prism   |       |     1 ||     1
  Use: Scroll            |     7 |     1 ||     8
       Potion            |     1 |     1 ||     2
 Stab: Sleeping          |     2 |     1 ||     3
  Eat: Chunk             |     3 |     3 ||     6
Armor: Robe              |     2 |     1 ||     3
Dodge: Dodged            |    16 |    20 ||    36
